AoeStats
← Macabros

Black Forest

509886066Analyzed
2v2 RM · 5d ago on Sep 28, 2026· 37m 15s· 4 players
Game mode
Random Map
Map size
Medium (4 player)
Population
200
Speed
Normal
Resources
Standard
Victory
Conquest
Starting age
Dark Age
Ending age
Imperial Age
RankedLock teamsTeams togetherTeam positionsShared explorationLock speedFull tech treeHidden civsTurbo modeCheats
Victory
Defeat
🇲🇳 Turks · Mongolia
968
+13
🇦🇹 Britons · Austria
935
+14
🇩🇪 Persians · Germany
904
-14
🇩🇪 Teutons · Germany
897
-13
Mr. Lais
1:13 Loom
12:43 Feudal Age
13:09 Double-Bit Axe
13:21 Horse Collar
17:55 Castle Age
16:25 Gold Mining
19:42 Wheelbarrow
25:18 Elite Skirmisher
28:27 Padded Archer Armor
29:07 Stone Mining
30:14 Gold Shaft Mining
30:53 Heavy Plow
31:07 Bow Saw
33:09 Forging
33:14 Murder Holes
33:44 Hand Cart
Macabros
1:49 Loom
11:29 Feudal Age
12:17 Double-Bit Axe
20:15 Castle Age
18:29 Horse Collar
26:33 Forging
28:34 Scale Barding Armor
30:58 Squires
30:44 Arson
32:27 Bloodlines
32:55 Iron Casting
32:13 Pikeman
DiMethylsulfate
10:26 Feudal Age
11:35 Loom
14:05 Castle Age
12:18 Double-Bit Axe
13:34 Loom
14:36 Horse Collar
15:10 Bow Saw
16:36 Wheelbarrow
21:00 Heavy Plow
23:20 Hand Cart
24:21 Gold Mining
24:24 Stone Mining
24:41 Town Watch
26:30 Ballistics
26:07 Murder Holes
26:06 Fletching
26:37 Town Patrol
27:15 Gold Shaft Mining
26:57 Husbandry
31:50 Imperial Age
30:15 Padded Archer Armor
33:41 Chemistry
32:47 Siege Engineers
32:58 Cavalier
33:37 Bodkin Arrow
33:48 Scale Barding Armor
33:53 Forging
34:51 Conscription
37:16 Two-Man Saw
36:30 Bracer
36:51 Chain Barding Armor
37:07 Iron Casting
36:48 Leather Archer Armor
35:56 Elite Longbowman
36:47 Treadmill Crane
37:17 Masonry
36:57 Gambesons
36:33 Man-at-Arms
Uzumaki cheater
9:12 Loom
10:57 Feudal Age
15:35 Castle Age
16:13 Forging
16:12 Scale Barding Armor
20:30 Husbandry
25:53 Wheelbarrow
40:03 Imperial Age
Connection lost

Rejoining the realm…

Still unreachable

The connection could not be restored.

Session expired

The server has moved on; the page needs a fresh start.